 Dungeon Crawl Stone Soup version 0.18-a0-1353-gf2a912f (webtiles) character file.

153451 KaeM the Thaumaturge (level 17, 0/104 HPs)
             Began as a Gargoyle Earth Elementalist on Feb 19, 2016.
             Was the Champion of Vehumet.
             Slain by the 27-headed Lernaean hydra (9 damage)
             ... on level 4 of the Swamp.
             The game lasted 03:57:36 (62200 turns).

KaeM the Thaumaturge (Gargoyle Earth Elementalist) Turns: 62200, Time: 03:57:36

Health: 0/104      AC: 32    Str: 11    XL:     17   Next: 60%
Magic:  47/58      EV: 11    Int: 26    God:    Vehumet [******]
Gold:   2110       SH:  0    Dex: 12    Spells: 9 memorised, 6 levels left

rFire  . . .     SeeInvis +     j - staff of power
rCold  . . .     Gourm    +     u - +3 leather armour {MR+}
rNeg   + + .     Faith    .     (no shield)
rPois  ∞         Spirit   .     z - +2 helmet
rElec  +         Dismiss  .     S - +2 cloak {MR+}
rCorr  .         Reflect  .     H - +2 pair of gloves
SustAt .         Harm     .     G - +2 pair of boots {Fly}
MR     ++++.                    f - amulet of the gourmand
Stlth  ++........               a - ring of magical power
                                x - ring "Jipped" {rN+ MR+ Int+2 Dex+2 SInv}

@: flying, very slightly contaminated, incredibly resistant to hostile
enchantments, unstealthy
A: big wings, negative energy resistance 1, electricity resistance, unbreathing,
petrification resistance, rot immunity, AC +12
a: Stop Flying, Renounce Religion


You were on level 4 of the Swamp.
You worshipped Vehumet.
Vehumet was exalted by your worship.
You were very full.

You visited 6 branches of the dungeon, and saw 31 of its levels.
You also visited: Labyrinth.

You collected 2240 gold pieces.
You spent 130 gold pieces at shops.

Inventory:

Hand Weapons
 w - a +8 whip
 U - a +2 mace of venom
Missiles
 b - 675 stones (quivered)
Armour
 u - a +3 leather armour of magic resistance (worn)
 z - a +2 helmet (worn)
 G - a +2 pair of boots of flying (worn)
 H - a +2 pair of gloves (worn)
 S - a +2 cloak of magic resistance (worn)
Magical Staves
 j - an uncursed staff of power (weapon)
Jewellery
 a - a ring of magical power (right hand)
 f - an amulet of the gourmand (around neck)
 h - the ring of the Salmon {rC+ MR+ Str+3 Stlth+}
   (You found it in a labyrinth)

   [ring of stealth]

   It affects your strength (+3).
   It protects you from cold.
   It affects your resistance to hostile enchantments.
   It makes you more stealthy.
 x - the ring "Jipped" (left hand) {rN+ MR+ Int+2 Dex+2 SInv}
   (You found it on level 1 of the Swamp)

   [ring of dexterity]

   It affects your intelligence (+2).
   It affects your dexterity (+2).
   It protects you from negative energy.
   It affects your resistance to hostile enchantments.
   It lets you see invisible.
 M - the ring of Libb {Wiz rElec rC+ rN+ SInv}
   (You found it on level 12 of the Dungeon)

   [ring of wizardry]

   It improves your spell success rate.
   It protects you from cold.
   It insulates you from electricity.
   It protects you from negative energy.
   It lets you see invisible.
Wands
 c - a wand of iceblast (0/15)
 l - a wand of paralysis (17/24)
 v - a wand of hasting (8/9)
 D - a wand of iceblast (5/15)
 F - a wand of digging (4/24)
 X - a wand of digging (4/24)
 Y - a wand of acid (5/15)
Scrolls
 e - 7 scrolls of amnesia
 m - 2 scrolls of blinking
 n - 2 scrolls of magic mapping
 o - 5 scrolls of recharging
 y - 4 scrolls of identify
 A - 14 scrolls of remove curse
 B - 4 scrolls of fear
 N - 7 scrolls of fog
 O - 6 scrolls of teleportation
 T - a scroll of summoning
 V - a scroll of immolation
Potions
 g - 5 potions of heal wounds
 k - a potion of ambrosia
 p - a potion of magic
 r - 11 potions of curing
 C - a potion of resistance
 I - a potion of agility
 J - a potion of cancellation
 P - 2 potions of cure mutation
 Q - 3 potions of brilliance
 R - 2 potions of berserk rage
 W - a potion of invisibility
Miscellaneous
 K - a phial of floods
 L - a stone of tremors
Comestibles
 d - 19 bread rations
 i - 8 meat rations
 q - 5 slices of pizza
 s - 5 beef jerkies
 t - 13 fruits
 E - 9 royal jellies


   Skills:
 + Level 11.1 Fighting
 + Level 10.4 Maces & Flails
 + Level 6.5 Armour
 + Level 9.0 Dodging
 - Level 2.1 Stealth
   Level 4.0 Shields
 * Level 13.9 Spellcasting
 + Level 12.3 Conjurations
   Level 0.7 Transmutations
 * Level 12.0 Fire Magic
 + Level 13.2 Earth Magic
 - Level 4.0 Evocations


You had 6 spell levels left.
You knew the following spells:

 Your Spells              Type           Power        Failure   Level  Hunger
a - Sandblast             Erth           ######       1%          1    None
b - Stone Arrow           Conj/Erth      ######       1%          3    None
c - Lee's Rapid Deconstr  Erth           ######....   1%          5    ##.....
d - Sting                 Conj/Pois      ####         1%          1    None
e - Inner Flame           Hex/Fire       #####...     1%          3    None
f - Lightning Bolt        Conj/Air       ######....   2%          5    ##.....
g - Iron Shot             Conj/Erth      ######....   1%          6    ####...
h - Orb of Destruction    Conj           ######....   7%          7    ######.
i - Bolt of Fire          Conj/Fire      ######....   1%          6    ####...


Dungeon Overview and Level Annotations

Branches:
Dungeon (15/15)            Temple (1/1) D:5            Lair (8/8) D:10
  Swamp (4/4) Lair:3       Spider (0/4) Lair:6        Slime (0/6) Lair:7
    Orc (2/2) D:11            Elf (0/3) Orc:2        Vaults (0/5) D:14
 Depths (1/5) D:15

Altars:
Ashenzari
Cheibriados
Dithmenos
Elyvilon
Fedhas
Gozag
Kikubaaqudgha
Makhleb
Nemelex Xobeh
Okawaru
Pakellas
Qazlal
Ru
Sif Muna
Trog
Vehumet
Xom
Yredelemnul
Zin
The Shining One
Beogh

Shops:
D:4 *}[   D:5 (   D:8 *   Orc:2 ([?%

Portals:
Trove: D:13 (give 7 potions of agility)

Annotations:
Swamp:4 Lernaean hydra


Innate Abilities, Weirdness & Mutations

You are resistant to torment.
Your stone body is resilient (AC +12).
You are immune to poison.
Your large and strong wings let you fly indefinitely.
You resist negative energy.
You are resistant to electric shocks.
You can survive without breathing.
You are immune to petrification.
You are immune to rotting.


Message History

The 27-headed Lernaean hydra bites you but does no damage.
The 27-headed Lernaean hydra bites you.
* * * LOW HITPOINT WARNING * * *
The 27-headed Lernaean hydra bites you but does no damage. x2
The 27-headed Lernaean hydra bites you!
* * * LOW HITPOINT WARNING * * *
The 27-headed Lernaean hydra bites you but does no damage. x3
The 27-headed Lernaean hydra bites you.
* * * LOW HITPOINT WARNING * * *
The 27-headed Lernaean hydra misses you.
The 27-headed Lernaean hydra bites you but does no damage.
The 27-headed Lernaean hydra bites you.
* * * LOW HITPOINT WARNING * * *
The 27-headed Lernaean hydra bites you but does no damage. x2
The 27-headed Lernaean hydra bites you.
* * * LOW HITPOINT WARNING * * *
The 27-headed Lernaean hydra bites you.
* * * LOW HITPOINT WARNING * * *
The 27-headed Lernaean hydra bites you!
You die...

≈..≈≈.. ..≈≈≈≈≈ ♣≈.≈≈≈≈
♣♣♣ ♣.≈..≈≈ ♣♣♣≈≈♣
≈≈≈≈... ≈(≈≈≈♣♣ ≈.
.≈≈≈...♣♣♣♣ ♣.≈≈≈.♣♣≈.
≈≈≈≈..≈..@♣♣♣♣♣.≈.≈♣..≈.
≈≈≈≈≈..≈[D♣♣≈♣≈≈≈≈!..≈.♣
.≈≈.≈♣≈§..♣♣≈..≈≈≈≈..≈♣
...≈♣♣...≈.≈≈.≈≈≈..≈≈.♣♣
♣♣ ♣♣≈....D≈♣†≈≈≈.≈≈≈.≈♣
♣≈.....≈........≈≈≈≈#
♣♣≈♣...§...§...♣≈≈≈≈♣
♣♣≈......[.%.≈♣ ≈≈.♣
♣♣...≈.♣≈≈.≈≈♣ ...


You could see the 27-headed Lernaean hydra and an eight-headed hydra.

Vanquished Creatures
  A tentacled monstrosity (Swamp:2)
  A thorn hunter (Swamp:1)
  Kirke (Lair:7)
  A fire giant (D:15)
  Maud (D:13)
  The ghost of Arkorax the Warrior, an adept GrFi of Makhleb (Orc:2)
  3 orc warlords (Orc:2)
  3 dire elephants (Lair:8)
  Snorg (D:12)
  A minotaur (Lab)
  Josephine (D:13)
  Erolcha (D:11)
  An ogre mage (D:14)
  3 catoblepae
  20 hydras
  Erica (D:8)
  4 ghost crabs
  An anaconda (Lair:8)
  3 centaur warriors
  2 tengu warriors (D:13)
  10 alligators
  5 orc high priests (Orc:2)
  10 death yaks
  Urug (D:14)
  The ghost of Potsanchik the Spear-Bearer, a novice MfSk of Ashenzari (D:7)
  9 swamp dragons
  An unseen horror (D:12)
  A spriggan druid (Swamp:4)
  7 hill giants
  3 orc knights (Orc:2)
  A deep elf mage (D:13)
  3 orc sorcerers (Orc:2)
  An oklob plant (Lair:6)
  A griffon (Lair:4)
  A hornet (Swamp:3)
  2 cyclopes
  2 centaur zombies
  9 ugly things
  3 manticores
  Maurice (D:11)
  7 elephants
  An eye of devastation (Lair:7)
  5 black mambas
  2 torpor snails
  19 spiny frogs
  3 gargoyles
  7 komodo dragons
  An efreet (D:15)
  5 fire drakes
  A polar bear (Lair:7)
  A tengu conjurer (D:15)
  9 two-headed ogres
  15 trolls
  6 giant leeches
  10 slime creatures
  A queen bee (D:13)
  A boulder beetle (Lair:8)
  9 bog bodies
  13 blink frogs
  A hornet zombie (D:15)
  A spriggan (Lair:2)
  7 wraiths
  A centaur simulacrum (D:15)
  Sigmund (D:6)
  2 vampires
  A wyvern (D:8)
  4 shadows
  5 basilisks
  71 yaks
  2 hogs
  A human (D:4)
  Menkaure (D:6)
  10 hippogriffs
  23 vampire mosquitoes
  2 hungry ghosts
  A mottled dragon (D:13)
  5 wargs
  14 wolves
  22 swamp worms
  2 soldier ants
  12 water moccasins
  Duvessa (D:5)
  8 insubstantial wisps
  16 swamp drakes
  12 porcupines
  3 ice beasts
  48 orc warriors
  3 sky beasts
  5 phantoms
  2 black bears
  4 wasps
  18 ogres
  A necrophage (D:9)
  2 eyes of draining
  5 centaurs
  23 crocodiles
  4 big kobolds
  Blork the orc (D:6)
  19 giant frogs
  2 gnoll sergeants
  Dowan (D:5)
  6 scorpions
  A wyvern skeleton (D:9)
  37 killer bees
  13 wights
  2 vampire bats (Lair:6)
  2 electric eels
  14 crimson imps
  A quasit (D:7)
  4 giant frog zombies
  3 hounds
  Crazy Yiuf (D:6)
  3 giant frog skeletons
  38 orc priests
  8 centaur skeletons
  A human skeleton (D:4)
  18 orc wizards
  Ijyb (D:2)
  11 iguanas
  7 worker ants
  A killer bee zombie (D:7)
  37 sheep
  2 hound skeletons
  A worker ant zombie (D:7)
  17 adders
  21 gnolls
  47 river rats
  3 shadow imps
  A worm (D:3)
  7 giant geckos
  122 orcs
  8 giant cockroaches
  10 goblins
  10 hobgoblins
  3 jackals (D:5)
  35 kobolds
  10 quokkas
  5 ball pythons
  17 bats
  A giant gecko skeleton (D:6)
  12 giant newts
  2 jackal skeletons
  A kobold zombie (D:4)
  6 rats
  A fungus (Lair:7)
  4 plants
1161 creatures vanquished.

Vanquished Creatures (collateral kills)
  An orc priest (Orc:2)
1 creature vanquished.

Vanquished Creatures (others)
  4 humans (Lair:7)
  A giant frog (Lair:7)
  An orc wizard (Orc:2)
  An orc (Orc:2)
  2 briar patches (Swamp:1)
  A bush (Lair:8)
  56 fungi
  47 plants
113 creatures vanquished.

Grand Total: 1275 creatures vanquished

Notes
Turn   | Place    | Note
--------------------------------------------------------------
     0 | D:1      | KaeM the Gargoyle Earth Elementalist began the quest for the Orb.
     0 | D:1      | Reached XP level 1. HP: 10/10 MP: 3/3
   214 | D:1      | Reached XP level 2. HP: 13/15 MP: 3/5
   847 | D:1      | Reached skill level 4 in Earth Magic
  1080 | D:2      | Reached XP level 3. HP: 12/19 MP: 7/7
  1105 | D:2      | Learned a level 3 spell: Stone Arrow
  1434 | D:2      | Reached XP level 4. HP: 24/24 MP: 6/8
  1437 | D:2      | Reached skill level 1 in Conjurations
  2525 | D:3      | Noticed Ijyb
  2571 | D:2      | Killed Ijyb
  2571 | D:2      | Reached XP level 5. HP: 8/28 MP: 0/10
  3665 | D:3      | Learned a level 5 spell: Lee's Rapid Deconstruction
  3707 | D:3      | Reached skill level 5 in Earth Magic
  3707 | D:3      | Reached XP level 6. HP: 29/32 MP: 8/12
  3797 | D:3      | Found an iron altar of Okawaru.
  3913 | D:3      | Found a burning altar of Makhleb.
  3913 | D:3      | Noticed a cacodemon
  3916 | D:3      | Noticed a smoke demon
  3916 | D:3      | Noticed a ynoxinul
  4322 | D:4      | Found Xojeji Legu's Gadget Emporium.
  4344 | D:4      | Found a runed door.
  4344 | D:4      | Noticed a human
  4367 | D:4      | Found a basalt altar of Yredelemnul.
  4515 | D:4      | Killed a human
  4515 | D:4      | Reached skill level 5 in Spellcasting
  4515 | D:4      | Reached XP level 7. HP: 34/36 MP: 4/14
  4928 | D:4      | Found Areseguf's Assorted Antiques.
  4965 | D:4      | Found Gujiedo's Antique Armour Boutique.
  4974 | D:4      | Reached skill level 6 in Earth Magic
  5238 | D:4      | Bought an embroidered robe for 24 gold pieces
  5330 | D:4      | Found an opulent altar of Gozag.
  5416 | D:4      | Found Abyuneabue's Assorted Antiques.
  5422 | D:4      | Bought a scroll labeled JIOS EGY XOEQA for 24 gold pieces
  5836 | D:5      | Entered Level 5 of the Dungeon
  5839 | D:5      | Found a staircase to the Ecumenical Temple.
  5860 | Temple   | Entered the Ecumenical Temple
  6109 | D:5      | Reached XP level 8. HP: 38/41 MP: 4/17
  6892 | D:5      | Noticed Duvessa
  6894 | D:5      | Noticed Dowan
  6909 | D:5      | Killed Duvessa
  6909 | D:5      | Reached skill level 7 in Earth Magic
  6916 | D:5      | Killed Dowan
  7040 | D:5      | Reached skill level 5 in Conjurations
  7266 | D:5      | Found Juwev's Antique Weapon Shop.
  7286 | D:5      | Found a stormy altar of Qazlal.
  7351 | D:6      | Noticed Menkaure
  7361 | D:6      | Killed Menkaure
  7367 | D:6      | Reached skill level 1 in Armour
  7661 | D:6      | Reached skill level 1 in Fighting
  7661 | D:6      | Reached skill level 1 in Maces & Flails
  7720 | D:6      | Noticed Blork the orc
  7952 | D:6      | Reached XP level 9. HP: 34/47 MP: 19/19
  8061 | D:6      | Killed Blork the orc
  8797 | D:6      | Found a white marble altar of Elyvilon.
  8813 | D:6      | Noticed Sigmund
  8818 | D:6      | Killed Sigmund
  9136 | D:6      | Noticed Crazy Yiuf
  9139 | D:6      | Killed Crazy Yiuf
  9896 | D:7      | Noticed Potsanchik's ghost (novice MfSk)
  9903 | D:7      | Paralysed by Potsanchik's ghost for 3 turns
 10227 | D:6      | Reached skill level 8 in Spellcasting
 10451 | D:7      | Killed Potsanchik's ghost
 10451 | D:7      | Reached XP level 10. HP: 30/56 MP: 10/22
 10691 | D:7      | Found a radiant altar of Vehumet.
 10696 | D:7      | Became a worshipper of Vehumet
 11626 | D:8      | Found a blossoming altar of Fedhas.
 11640 | D:8      | Reached * piety under Vehumet
 11640 | D:8      | Offered knowledge of Freeze by Vehumet.
 11868 | D:8      | Noticed Erica
 11877 | D:8      | Killed Erica
 12069 | D:8      | Found an oddly glowing altar of Pakellas.
 12092 | D:8      | Found Lapsul's General Store.
 12100 | D:8      | Bought a scroll of enchant weapon for 82 gold pieces
 12447 | D:8      | Reached skill level 9 in Spellcasting
 13294 | D:9      | Found a sacrificial altar of Ru.
 13559 | D:9      | Offered knowledge of Sting by Vehumet.
 13564 | D:9      | Learned a level 1 spell: Sting
 13618 | D:9      | Reached ** piety under Vehumet
 13790 | D:9      | Reached XP level 11. HP: 60/62 MP: 7/24
 14140 | D:9      | Reached skill level 5 in Fighting
 14140 | D:9      | Reached skill level 5 in Armour
 15120 | D:10     | Entered Level 10 of the Dungeon
 15216 | D:10     | Found a staircase to the Lair.
 15278 | D:10     | Offered knowledge of Inner Flame by Vehumet.
 15283 | D:10     | Learned a level 3 spell: Inner Flame
 15534 | D:10     | Reached skill level 1 in Fire Magic
 15907 | Lair:1   | Entered Level 1 of the Lair of Beasts
 16507 | Lair:1   | Reached *** piety under Vehumet
 16622 | Lair:1   | Noticed a six-headed hydra
 16627 | Lair:1   | Killed a six-headed hydra
 16627 | Lair:1   | Reached skill level 5 in Maces & Flails
 17742 | Lair:2   | Reached skill level 5 in Dodging
 17969 | Lair:2   | Reached XP level 12. HP: 59/69 MP: 2/25
 17978 | Lair:2   | Offered knowledge of Olgreb's Toxic Radiance by Vehumet.
 18483 | Lair:2   | Reached skill level 10 in Spellcasting
 19133 | Lair:3   | Noticed a five-headed hydra
 19143 | Lair:3   | Killed a five-headed hydra
 19599 | Lair:3   | Found a staircase to the Swamp.
 20091 | Lair:3   | Noticed a catoblepas
 20105 | Lair:3   | Killed a catoblepas
 20105 | Lair:3   | Reached skill level 1 in Shields
 20748 | Lair:4   | Noticed a four-headed hydra
 20753 | Lair:4   | Killed a four-headed hydra
 20975 | Lair:4   | Reached skill level 5 in Fire Magic
 21237 | Lair:4   | Reached **** piety under Vehumet
 22132 | Lair:5   | Reached skill level 10 in Earth Magic
 22215 | Lair:5   | Identified a scroll of acquirement
 22230 | Lair:5   | Noticed a death yak
 22248 | Lair:5   | Noticed a death yak
 22248 | Lair:5   | Killed a death yak
 22253 | Lair:5   | Noticed a death yak
 22581 | Lair:4   | Killed a death yak
 22590 | Lair:4   | Killed a death yak
 22590 | Lair:4   | Reached XP level 13. HP: 42/76 MP: 21/27
 22788 | Lair:4   | Offered knowledge of Ignite Poison by Vehumet.
 25923 | Lair:6   | Reached skill level 1 in Evocations
 26104 | Lair:6   | Reached skill level 11 in Spellcasting
 26637 | Lair:6   | Found a hole to the Spider Nest.
 27500 | Lair:7   | Found a labyrinth entrance.
 27509 | Lab      | Entered a labyrinth
 27628 | Lab      | Found an exit through the horrors of the Abyss.
 27895 | Lab      | Noticed a minotaur
 27900 | Lab      | Killed a minotaur
 27979 | Lab      | Got a slimy platinum ring
 27988 | Lab      | Identified the ring of the Salmon {rC+ MR+ Str+3 Stlth+} (You found it in a labyrinth)
 28065 | Lair:7   | Reached ***** piety under Vehumet
 28065 | Lair:7   | Offered knowledge of Lightning Bolt by Vehumet.
 28275 | Lair:7   | Learned a level 5 spell: Lightning Bolt
 29410 | Lair:7   | Noticed Kirke
 29443 | Lair:7   | Killed Kirke
 30382 | Lair:7   | Gained mutation: Your large and strong wings let you fly indefinitely. [Gargoyle growth]
 30382 | Lair:7   | Reached XP level 14. HP: 60/83 MP: 5/29
 30803 | Lair:7   | Found a staircase to the Slime Pits.
 31033 | Lair:7   | Offered knowledge of Poison Arrow by Vehumet.
 32356 | Lair:8   | Entered Level 8 of the Lair of Beasts
 33317 | Lair:8   | Reached skill level 10 in Conjurations
 36798 | Lair:8   | Noticed a dire elephant
 36812 | Lair:8   | Killed a dire elephant
 37231 | Lair:8   | Noticed a dire elephant
 37231 | Lair:8   | Noticed a dire elephant
 37247 | Lair:8   | Killed a dire elephant
 37265 | Lair:8   | Killed a dire elephant
 37821 | Lair:8   | Reached skill level 12 in Spellcasting
 38559 | D:11     | Noticed Maurice
 38581 | D:11     | Killed Maurice
 38660 | D:11     | Offered knowledge of Iron Shot by Vehumet.
 38668 | D:11     | Learned a level 6 spell: Iron Shot
 38668 | D:11     | Found a staircase to the Orcish Mines.
 39439 | D:11     | Noticed Erolcha
 39447 | D:11     | Killed Erolcha
 39617 | D:11     | Reached XP level 15. HP: 80/89 MP: 25/31
 39946 | D:12     | Noticed Snorg
 39952 | D:12     | Killed Snorg
 40667 | D:12     | Got a scorched silver ring
 40668 | D:12     | Identified the ring of Libb {Wiz rElec rC+ rN+ SInv} (You found it on level 12 of the Dungeon)
 40741 | D:12     | Noticed a tengu reaver
 41684 | D:13     | Noticed Josephine
 41691 | D:13     | Offered knowledge of Orb of Destruction by Vehumet.
 41697 | D:13     | Killed Josephine
 42068 | D:13     | Learned a level 7 spell: Orb of Destruction
 42194 | D:13     | Found a portal to a secret trove of treasure.
 42452 | D:13     | Noticed Maud
 42973 | D:13     | Killed Maud
 44719 | D:14     | Offered knowledge of Bolt of Fire by Vehumet.
 44729 | D:14     | Learned a level 6 spell: Bolt of Fire
 44761 | D:14     | Noticed Urug
 45004 | D:14     | Killed Urug
 45098 | D:14     | Reached skill level 10 in Fire Magic
 45459 | D:14     | Found a gate to the Vaults.
 45891 | D:15     | Entered Level 15 of the Dungeon
 46604 | D:15     | Found a staircase to the Depths.
 46604 | D:15     | Noticed a fire giant
 46611 | D:15     | Killed a fire giant
 46611 | D:15     | Reached XP level 16. HP: 28/96 MP: 19/32
 47481 | D:15     | Found a bloodstained altar of Trog.
 48206 | D:15     | Found an oddly glowing altar of Pakellas.
 48568 | Depths:1 | Entered Level 1 of the Depths
 48682 | Orc:1    | Entered Level 1 of the Orcish Mines
 48867 | Orc:1    | Found a bloodstained altar of Trog.
 49364 | Orc:2    | Entered Level 2 of the Orcish Mines
 49561 | Orc:2    | Reached skill level 13 in Spellcasting
 49848 | Orc:2    | Noticed Arkorax's ghost (adept GrFi)
 49859 | Orc:2    | Killed Arkorax's ghost
 49941 | Orc:2    | Offered knowledge of Delayed Fireball by Vehumet.
 50796 | Orc:2    | Found a roughly hewn altar of Beogh.
 51041 | Orc:2    | Found Vagh's Food Boutique.
 51056 | Orc:2    | Found Suraisar's Magic Scroll Shop.
 51063 | Orc:2    | Reached skill level 10 in Fighting
 52225 | Orc:2    | Offered knowledge of Conjure Ball Lightning by Vehumet.
 52945 | Orc:2    | Found Huacita's Antique Armour Shoppe.
 53247 | Orc:2    | Found Jurch's Antique Weapon Shop.
 53393 | Orc:2    | Found a roughly hewn altar of Beogh.
 53927 | Orc:2    | Found a staircase to the Elven Halls.
 54929 | Swamp:1  | Entered Level 1 of the Swamp
 55780 | Swamp:1  | Got a pitted golden ring
 55781 | Swamp:1  | Identified the ring "Jipped" {rN+ MR+ Int+2 Dex+2 SInv} (You found it on level 1 of the Swamp)
 56328 | Swamp:1  | Noticed a thorn hunter
 56340 | Swamp:1  | Killed a thorn hunter
 56731 | Swamp:1  | Reached skill level 10 in Maces & Flails
 56924 | Swamp:2  | Reached XP level 17. HP: 92/103 MP: 16/34
 57686 | Swamp:2  | Noticed a tentacled monstrosity
 57693 | Swamp:2  | Killed a tentacled monstrosity
 60449 | Swamp:3  | Reached ****** piety under Vehumet
 60760 | Swamp:4  | Entered Level 4 of the Swamp
 62043 | Swamp:4  | Noticed the 27-headed Lernaean hydra
 62200 | Swamp:4  | Slain by the 27-headed Lernaean hydra

Vault maps used:
D:1:      dpeg_arrival_connections, minivault_5
D:3:      okawaru_ov_weapons_minmay, first_bread, minmay_misc_feat_x,
          hangedman_decor_clover_reticule, makhleb_altar_promises_db, uniq_iyjb
D:4:      nicolae_gozag_cash_rules_everything_around_me, serial_shops,
          nicolae_shop_temple_entry_statues_fountains, shop, shop_fountains,
          shop, minmay_misc_feat_doors, dk_yredelemnul_ordeal
D:5:      marbit_many_paths, minmay_temple_entry_statues_fountains,
          serial_shops, nicolae_shop_overgrown_old_shop, uniq_duvessa
D:6:      kennysheep_mini, uniq_crazy_yiuf_cottage, uniq_sigmund, uniq_menkaure,
          uniq_blork_the_orc
D:7:      vehumet_altar_wand_db, grunt_decor_cap
D:8:      old_standard_altar, fedhas_bush_and_centaur_altar, serial_shops, shop,
          uniq_erica
D:9:      nicolae_ru_awakened_eye
D:10:     minmay_lair_entry_lava
D:11:     david_orc_3, uniq_maurice, uniq_erolcha
D:12:     onia_ninara_dug_in_and_dangerous, uniq_snorg
D:13:     nicolae_trove_entry_crossroad, david_nohive_1, uniq_josephine,
          uniq_maud
D:14:     david_vaults_2, uniq_urug
D:15:     grunt_enter_depths_giant_problem, lemuel_tele_altar,
          johnstein_pakellas_dig
Temple:   eino_temple_water_12
Lair:2:   grunt_forest_large_clearing_hut
Lair:3:   minmay_swamp_entry_swarm, serial_bayou_pond_a
Lair:4:   grunt_megastairs_1, infiniplex_staircase_pool
Lair:5:   grunt_megastairs_2
Lair:6:   spider_nest_entry_web_field, roderic_batcave,
          minmay_lair_oklob_bushes, infiniplex_staircase_pool_2,
          lemuel_fruit_fields, grunt_megastairs_4, lemuel_fruit_tree
Lair:7:   minmay_slime_entry_eyes, lab_entry_generic, minivault_23,
          beast_lair_carwin_11, uniq_kirke
Lair:8:   due_jungle_book, grunt_forest_small_clearing_treed
Swamp:1:  evilmike_swamp_ruin_house_4
Swamp:2:  evilmike_swamp_ruin_house_6
Swamp:3:  hangedman_swamp_ruin_wall
Swamp:4:  swamp_old_school
Orc:1:    trog_hazing_becter
Orc:2:    pubby_orc_utopia
Depths:1: pf_hell_entry_tar_spiral, minmay_room_of_horrors,
          hangedman_abyss_or_decor_stabs, hangedman_decor_lopped,
          ashenzari_altar_1, serial_bayou_shore_a, hangedman_decor_cross_pass,
          uniq_mara
Lab:      labyrinth_hidden_loot, nicolae_lab_plus, labyrinth_skeletal_remains,
          labyrinth_fake_exit, nicolae_lab_swirl

Action                   |  1- 3 |  4- 6 |  7- 9 | 10-12 | 13-15 | 16-18 || total
-------------------------+-------+-------+-------+-------+-------+-------++-------
Melee: Short sword       |    81 |       |       |       |       |       ||    81
       Mace              |       |    97 |     6 |   246 |   495 |       ||   844
       Dagger            |       |    36 |       |       |       |       ||    36
       Whip              |       |    31 |   152 |   250 |   652 |    42 ||  1127
       Flail             |       |       |    45 |       |       |       ||    45
       Falchion          |       |       |       |     1 |       |       ||     1
       Staff             |       |       |       |       |       |    37 ||    37
Throw: Throwing net      |       |     2 |       |     1 |       |       ||     3
       Stone             |       |       |       |       |     1 |       ||     1
 Cast: Sandblast         |    11 |    54 |    65 |    62 |     2 |       ||   194
       Stone Arrow       |       |     2 |    60 |   247 |   594 |   400 ||  1303
       Sting             |       |       |       |    11 |    16 |       ||    27
       Lee's Rapid Decon |       |       |       |     6 |    38 |    41 ||    85
       Lightning Bolt    |       |       |       |       |    55 |    33 ||    88
       Iron Shot         |       |       |       |       |    36 |   230 ||   266
       Orb of Destructio |       |       |       |       |       |    25 ||    25
       Bolt of Fire      |       |       |       |       |       |     4 ||     4
 Abil: Fly               |       |       |       |       |     1 |       ||     1
Evoke: Wand              |       |       |       |     2 |    10 |     2 ||    14
       Phial of floods   |       |       |       |       |     1 |     1 ||     2
       Stone of tremors  |       |       |       |       |     1 |       ||     1
  Use: Scroll            |     2 |     3 |     8 |    15 |    23 |     6 ||    57
       Potion            |       |     1 |     5 |     2 |     6 |     2 ||    16
 Stab: Sleeping          |     2 |     3 |     1 |       |     5 |       ||    11
       Held in net/web   |       |     1 |       |       |       |       ||     1
       Distracted        |       |       |       |     1 |     2 |       ||     3
  Eat: Chunk             |     4 |    17 |    18 |    39 |    99 |    97 ||   274
       Fruit             |       |       |       |       |       |    18 ||    18
